 Dungeon Crawl Stone Soup version 0.27-a0-1296-g8ece459b43 (webtiles) character file.

Game seed: 13822974866773955299

1755 Delamore the Cruncher (level 9, -13/68 HPs)
             Began as a Formicid Fighter on June 16, 2021.
             Was an Initiate of Gozag.
             Mangled by a slime creature (16 damage)
             ... on level 8 of the Dungeon.
             The game lasted 00:07:32 (7614 turns).

Delamore the Cruncher (Formicid Fighter)            Turns: 7614, Time: 00:07:33

Health: -13/68     AC:  8    Str: 23    XL:     9   Next: 27%
Magic:  9/9        EV:  8    Int:  9    God:    Gozag
Gold:   232        SH: 10    Dex: 10    Spells: 8/8 levels left

rFire    + . .     SeeInvis +   x - +3 lajatang (pain)
rCold    + . .     Faith    .   c - +1 kite shield
rNeg     . . .     Spirit   .   b - +0 scale mail
rPois    .         Reflect  .   (helmet unavailable)
rElec    .         Harm     .   v - scarf {rC+ rF+}
rCorr    .         Rampage  .   (no gloves)
Will     .....                  j - +0 pair of boots
Stlth    ..........             k - amulet of the acrobat
HPRegen  0.21/turn              (no ring)
MPRegen  0.11/turn              (no ring)

@: no status effects
A: permanent stasis, dig shafts and tunnels, antennae 3, four strong arms
a: Dig, Shaft Self, Renounce Religion, Potion Petition, Call Merchant, Bribe
Branch


You were on level 8 of the Dungeon.
You worshipped Gozag.
Gozag was aware of your devotion.
You visited 2 branches of the dungeon, and saw 9 of its levels.

You collected 751 gold pieces.
You spent 374 gold pieces at shops.
You paid 145 gold pieces to Gozag.

Inventory:

Hand Weapons
 a - a +1 trident
 x - a +3 lajatang of pain (weapon)
Missiles
 m - 31 poisoned darts
 o - 9 boomerangs (quivered)
 t - a curare-tipped dart
Armour
 b - a +0 scale mail (worn)
 c - a +1 kite shield (worn)
 j - a +0 pair of boots (worn)
 l - a +0 cloak
 v - a scarf of resistance (worn)
Jewellery
 k - an amulet of the acrobat (around neck)
 r - a ring of see invisible
Wands
 u - a wand of iceblast (11)
Scrolls
 e - 5 scrolls of teleportation
 g - 2 scrolls of enchant armour
 q - 2 scrolls of fog
 w - a scroll of silence
Potions
 d - 2 potions of might
 f - a potion of haste
 h - 2 potions of curing
 i - 2 potions of lignification
 n - 2 potions of degeneration
 p - a potion of berserk rage {unknown}


   Skills:
 - Level 5.0 Fighting
 - Level 2.3(7.1) Polearms
 * Level 10.6(10.7) Staves
 - Level 3.2 Armour
 - Level 3.6 Shields


You had 8 spell levels left.
You didn't know any spells.
Your spell library contained the following spells:

 Spells                   Type           Power      Damage    Failure   Level
 Beastly Appendage        Tmut           0%         N/A       97%         1
 Corona                   Hex            0%         N/A       97%         1
 Ensorcelled Hibernation  Hex/Ice        0%         N/A       99%         2
 Wereblood                Tmut           0%         N/A       99%         2
 Confusing Touch          Hex            0%         N/A       100%        3
 Dazzling Flash           Conj/Hex       0%         N/A       100%        3
 Tukima's Dance           Hex            0%         N/A       100%        3
 Blade Hands              Tmut           0%         N/A       100%        5
 Freezing Cloud           Conj/Ice/Air   0%         6-21      100%        5
 Storm Form               Tmut/Air       0%         N/A       100%        7


Dungeon Overview and Level Annotations

Branches:
Dungeon (8/15)             Temple (1/1) D:7
   Lair: D:8-11

Altars:
Ashenzari
Cheibriados
Dithmenos
Elyvilon
Fedhas
Gozag
Hepliaklqana
Kikubaaqudgha
Makhleb
Nemelex Xobeh
Okawaru
Qazlal
Ru
Sif Muna
Trog
Uskayaw
Vehumet
Wu Jian
Xom
Yredelemnul
Zin

Shops:
D:1 =([   D:3 !   D:7 =


Innate Abilities, Weirdness & Mutations

You cannot be hasted, slowed, berserked, paralysed or teleported.
You can dig through walls and to a lower floor.
You have a pair of large antennae on your head. (SInv)
Your four strong arms can wield two-handed weapons with a shield.


Message History

You now have 232 gold pieces (gained 5).
You see here a +0 dagger.
An orc wizard is nearby!
An orc wizard is nearby!
The orc wizard shouts!
A two-headed ogre comes into view.
It is wielding a +0 giant club and a +0 giant spiked club.
The orc wizard is distracted by your dazzling golden aura.
The slime creature quivers.
You closely miss the orc wizard.
The orc wizard is no longer distracted by gold.
The orc wizard shouts!
You hear a shout!
An orc warrior comes into view. It is wielding a +0 halberd.
A slime creature comes into view.
The orc wizard misses you.
The two-headed ogre hits you with a +0 giant club!!
The two-headed ogre hits you with a +0 giant spiked club.
The orc wizard gestures at you while chanting.
The magic dart hits you.
You slash the two-headed ogre!
The two-headed ogre is moderately wounded.
The two-headed ogre hits you with a +0 giant club!!
The two-headed ogre hits you with a +0 giant spiked club!
* * * LOW HITPOINT WARNING * * *
You extend your mandibles.
You dig through the rock wall.
You retract your mandibles.
You extend your mandibles.
You dig through the rock wall.
The two-headed ogre hits you with a +0 giant club!
* * * LOW HITPOINT WARNING * * *
The two-headed ogre completely misses you.
You dig through the rock wall.
You retract your mandibles.
There is a stone staircase leading up here.
As you read the scroll of fear, it crumbles to dust.
You assume a fearsome visage.
The two-headed ogre looks frightened!
The slime creature resists with some effort.
The slime creature hits you!
You die...
Your body crumbles into a pile of gold.

.......>...####.#....#
....[.....#..{.J#..#.#
)....##.#)J{####...#.#
....O.o.....#####J.#.#
...J..#.#..###.....#.#
.J...##.#........o.#.######
........##.###.####.......#
............ #.###o######.#
...........#.# #@J.O...##.#
.....####### # #######....#
.....#######.# ######
...(..<......#
...........### ......###).#
...^.## #.## ....## #.#
...## { ...


You could see a slime creature, a two-headed ogre (fleeing) and an orc wizard.

Vanquished Creatures
  Edmund (D:6)
  A water moccasin (D:4)
  An orc warrior (D:7)
  2 ice beasts
  3 sky beasts
  A black bear (D:5)
  A kobold brigand (D:7)
  A scorpion (D:5)
  A water moccasin zombie (D:5)
  A howler monkey (D:7)
  A bullfrog zombie (D:6)
  A hound (D:7)
  A bullfrog skeleton (D:6)
  A gnoll shaman (D:4)
  Crazy Yiuf (D:4)
  3 iguanas
  A scorpion zombie (D:5)
  5 orc wizards
  A killer bee zombie (D:6)
  6 gnolls
  2 howler monkey skeletons (D:7)
  9 adders
  2 shadow imps
  3 worms
  2 dart slugs
  5 orcs
  7 endoplasms
  6 giant cockroaches
  3 hobgoblins
  12 jackals
  2 quokkas
  6 ball pythons
  3 bats
  2 frilled lizards (D:3)
  3 goblins
  14 kobolds
  5 rats
120 creatures vanquished.

Notes
Turn   | Place    | Note
-------+----------+-------------------------------------------
     0 | D:1      | Delamore the Formicid Fighter began the quest for the Orb.
     0 | D:1      | Reached XP level 1. HP: 18/18 MP: 1/1
    37 | D:1      | Found Ozxirph's Jewellery Emporium.
    83 | D:1      | Found Zitoirah's Antique Weapon Shoppe.
   176 | D:1      | Reached XP level 2. HP: 23/24 MP: 2/2
   220 | D:1      | Reached skill level 1 in Staves
   321 | D:1      | Found a faded altar of an unknown god.
   449 | D:1      | Reached XP level 3. HP: 29/30 MP: 3/3
   457 | D:1      | Found Moyl's Antique Armour Shoppe.
   939 | D:2      | Reached skill level 2 in Staves
  1164 | D:2      | Reached XP level 4. HP: 25/37 MP: 4/4
  1631 | D:3      | Reached skill level 3 in Staves
  1637 | D:3      | Reached XP level 5. HP: 30/42 MP: 5/5
  1822 | D:3      | Found a hazy altar of Hepliaklqana.
  1851 | D:3      | Found a sacrificial altar of Ru.
  1852 | D:3      | Found a broken altar of Ashenzari.
  2041 | D:3      | Found a snail-covered altar of Cheibriados.
  2044 | D:3      | Found a basalt altar of Yredelemnul.
  2047 | D:3      | Found a shadowy altar of Dithmenos.
  2074 | D:3      | Found Qacakhou's Distillery.
  2209 | D:3      | Bought a potion of degeneration for 14 gold pieces
  2732 | D:4      | Noticed a two-headed ogre
  2883 | D:4      | Found a stormy altar of Qazlal.
  2929 | D:4      | Found a runed translucent door.
  2930 | D:4      | Noticed Crazy Yiuf
  2947 | D:4      | Killed Crazy Yiuf
  3187 | D:4      | Reached skill level 4 in Staves
  3224 | D:4      | Noticed a water moccasin
  3237 | D:4      | Killed a water moccasin
  3238 | D:4      | Reached skill level 5 in Fighting
  3238 | D:4      | Reached XP level 6. HP: 34/51 MP: 6/6
  3405 | D:5      | Entered Level 5 of the Dungeon
  3492 | D:5      | Reached skill level 5 in Staves
  3548 | D:5      | Noticed a black bear
  3555 | D:5      | Killed a black bear
  3556 | D:5      | Reached XP level 7. HP: 47/56 MP: 7/7
  3560 | D:5      | Reached skill level 6 in Staves
  3757 | D:5      | Found a blossoming altar of Fedhas.
  4117 | D:6      | Reached skill level 7 in Staves
  4224 | D:6      | Noticed Edmund
  4346 | D:6      | Reached XP level 8. HP: 42/62 MP: 8/8
  4816 | D:7      | Reached skill level 8 in Staves
  4891 | D:7      | Found a staircase to the Ecumenical Temple.
  4900 | Temple   | Entered the Ecumenical Temple
  4958 | Temple   | Became a worshipper of Gozag Ym Sagoz the Greedy
  5106 | D:7      | HP: 1/62 [orc warrior (13)]
  5132 | D:7      | Reached skill level 9 in Staves
  5389 | D:7      | Found Hyphag's Jewellery Shop.
  5723 | D:7      | Identified the Volume of the Mutagenic Snowflakes
  6196 | D:6      | Found an ancient bone altar of Kikubaaqudgha.
  6220 | D:6      | Found a shimmering blue altar of Sif Muna.
  6232 | D:6      | Found a radiant altar of Vehumet.
  6240 | D:6      | Reached XP level 9. HP: 68/68 MP: 9/9
  6321 | D:6      | Killed Edmund
  6322 | D:6      | Reached skill level 10 in Staves
  6811 | D:1      | Bought a glowing lajatang for 360 gold pieces
  7240 | D:4      | Found a white marble altar of Elyvilon.
  7240 | D:4      | Found an ornate altar of the Wu Jian Council.
  7418 | D:8      | Noticed a slime creature
  7419 | D:8      | Noticed a slime creature
  7420 | D:8      | Noticed a slime creature
  7422 | D:8      | Noticed a slime creature
  7587 | D:8      | Noticed a two-headed ogre
  7591 | D:8      | Noticed a slime creature
  7609 | D:8      | HP: 2/68 [two-headed ogre (12)]
  7614 | D:8      | Mangled by a slime creature

Illustrated notes

Levels and vault maps discovered:
D:1:      mrwooster_arrival_statue, layout_basic, serial_shops, shop, shop,
          nicolae_shop_window_shopping, shapermc_ecumenical_altar_mp_highgroup
D:2:      layout_basic
D:3:      layout_basic, jmf_multi_god_temple,
          chequers_temple_overflow_statue_of_worship, serial_shops,
          nicolae_shop_competitors_out_of_business,
          wander_ebering_terrifying_dragon_lair
D:4:      layout_cave_pools, overflow_temple_1_default,
          gammafunk_temple_overflow_wave, uniq_crazy_yiuf_cottage
D:5:      layout_cave_pools, general_overflow_altar
D:6:      layout_loops_ring, palyth_temple_overflow_mages, feat_on_display,
          uniq_edmund
D:7:      layout_loops_ring, minmay_temple_entry_statues, serial_shops, shop,
          grunt_ministairs_4
D:8:      layout_basic, minmay_manual_mandibuliform
Temple:   compressed_dpeg_triangle_lava_temple

Skill      XL: |  1  2  3  4  5  6  7  8  9 |
---------------+----------------------------+-----
Staves         | 1 2 3 4 5 7 9 10 | 10.6
Fighting       | 4 5 |  5.0
Polearms       | |  2.3
Armour         | |  3.2
Shields        | |  3.6

Action                   |  1- 3 |  4- 6 |  7- 9 || total
-------------------------+-------+-------+-------++-------
Melee: Trident           |   129 |   199 |   256 ||   584
       Lajatang          |       |       |    52 ||    52
Throw: Boomerang         |       |     4 |     5 ||     9
 Abil: Dig               |       |     5 |     8 ||    13
  Use: Scroll            |     2 |     6 |     9 ||    17
       Potion            |       |       |     3 ||     3
Armor: Scale mail        |    47 |    79 |    79 ||   205
Dodge: Dodged            |    43 |    66 |    64 ||   173
Block: Kite shield       |    51 |   115 |   138 ||   304

Table legend: (Time is in decaauts)
 A = Elapsed time spent in this place.
 B = Non-inter-level travel time spent in this place.
 C = Inter-level travel time spent in this place.
 D = Time resting spent in this place.
 E = Time spent auto-exploring this place.
 F = Levels seen in this place.
 G = Mean time per level.
                   A        B        C        D        E       F      G
               +--------+--------+--------+--------+--------+-----+--------+
         Total |   7790 |   7051 |    739 |   1325 |   4331 |   9 |  865.6 |
       Dungeon |   7716 |   7008 |    708 |   1325 |   4291 |   8 |  964.5 |
        Temple |     73 |     42 |     31 |      0 |     40 |   1 |   73.0 |
               +--------+--------+--------+--------+--------+-----+--------+

Top non-repeatable levels by time:
     D:6: 1544 daAuts
     D:3: 1266 daAuts
     D:7: 1199 daAuts
     D:4: 1010 daAuts
     D:2: 971 daAuts
     D:1: 798 daAuts
     D:5: 775 daAuts
     D:8: 151 daAuts
  Temple: 73 daAuts
